 Dungeon Crawl Stone Soup version 0.21-a0-356-g45b0a09 (webtiles) character file.

11899 tidbits the Infuser (level 11, -7/86 HPs)
             Began as a Gnoll Skald on Oct 11, 2017.
             Was a Priest of Ashenzari.
             Mangled by an eight-headed hydra (11 damage)
             ... on level 13 of the Dungeon on Oct 12, 2017.
             The game lasted 01:08:31 (5169 turns).

tidbits the Infuser (Gnoll Skald)                   Turns: 5169, Time: 01:08:31

Health: -7/86      AC: 14    Str: 12    XL:     11   Next: 84%
Magic:  19/23      EV: 15    Int: 22    God:    Ashenzari [***...]
Gold:   568        SH:  0    Dex: 14    Spells: 9/26 levels left

rFire    + + +     SeeInvis +   H - +7 spear "Dragon's Tongue" {vamp, rPois rF+++ Str-2}
rCold    . . .     Gourm    .   (no shield)
rNeg     . . .     Faith    .   B - +0 ring mail
rPois    +         Spirit   .   E - +2 helmet
rElec    .         Reflect  .   (no cloak)
rCorr    .         Harm     .   G - +2 pair of gloves
MR       .....                  F - +0 pair of boots
Stlth    +++.......             R - amulet of regeneration (curse)
HPRegen  0.64/turn              m - +3 ring of intelligence (curse)
MPRegen  0.18/turn              W - ring of wizardry (curse)

@: no status effects
A: distributed training, fangs 1, strong nose
a: Curse Item, Scrying, Renounce Religion


You were on level 13 of the Dungeon.
You worshipped Ashenzari.
Ashenzari was most pleased with you.
You were not hungry.

You visited 1 branch of the dungeon, and saw 13 of its levels.
You also visited: Sewer, Ossuary and Bailey.

You collected 603 gold pieces.
You spent 35 gold pieces at shops.

Inventory:

Hand Weapons
 e - a +1 flail of holy wrath
   (You took it off an orc priest on level 10 of the Dungeon)
 g - a +0 blowgun
 H - the +7 spear "Dragon's Tongue" (weapon) {vamp, rPois rF+++ Str-2}
   (You found it on level 5 of the Dungeon)

   It inflicts no extra harm, but heals its wielder when it wounds a living foe.
   It affects your strength (-2).
   It renders you almost immune to fire.
   It protects you from poison.
 N - a +1 broad axe of flaming
   (You found it on level 6 of the Dungeon)
Missiles
 k - 142 arrows
 l - 132 stones
 p - 33 tomahawks of returning (quivered)
 X - 6 curare-tipped needles
Armour
 B - a +0 ring mail (worn)
 E - a +2 helmet (worn)
 F - a +0 pair of boots (worn)
 G - a +2 pair of gloves (worn)
Jewellery
 m - a cursed +3 ring of intelligence (left hand)
   (You found it on level 1 of the Dungeon)
 K - an uncursed amulet of rage
   (You found it on level 6 of the Dungeon)
 R - a cursed amulet of regeneration (around neck)
   (You found it on level 6 of the Dungeon)
 S - a +6 ring of dexterity
   (You found it on level 9 of the Dungeon)
 V - a +5 ring of intelligence
   (You found it on level 7 of the Dungeon)
 W - a cursed ring of wizardry (right hand)
   (You found it on level 5 of the Dungeon)
Wands
 u - a wand of random effects (15/48)
 M - a wand of clouds (9/9)
 Q - a wand of confusion (4/48)
 Z - a wand of disintegration (19/24)
Scrolls
 d - a scroll of remove curse
 h - 5 scrolls of blinking
 i - 10 scrolls of teleportation
 n - 2 scrolls of amnesia
 y - 2 scrolls of fear
 C - 3 scrolls of fog
 L - 3 scrolls of immolation {unknown}
 U - 2 scrolls of enchant armour
 Y - 2 scrolls of magic mapping {unknown}
Potions
 a - a potion of heal wounds {unknown}
 b - a potion of curing
 f - a potion of resistance
 o - a potion of invisibility {unknown}
 q - 3 potions of agility
 r - 4 potions of brilliance
 w - 5 potions of flight
 x - a potion of cancellation {unknown}
 z - a potion of ambrosia {unknown}
 A - a potion of mutation {unknown}
 I - 2 potions of berserk rage {unknown}
 O - a potion of haste {unknown}
 P - 3 potions of might
 T - 2 potions of lignification {unknown}
Books
 c - a book of Battle

   Spells                             Type                      Level
   a - Infusion                       Charms                       1
   b - Shroud of Golubria             Charms/Translocation         2
   c - Song of Slaying                Charms                       2
   d - Spectral Weapon                Hexes/Charms                 3
   e - Regeneration                   Charms/Necromancy            3
 j - a book of Maledictions
   (You found it on level 7 of the Dungeon)

   Spells                             Type                      Level
   a - Corona                         Hexes                        1
   b - Ensorcelled Hibernation        Hexes/Ice                    2
   c - Confuse                        Hexes                        3
   d - Tukima's Dance                 Hexes                        3
   e - Dazzling Spray                 Conjuration/Hexes            3
 D - a book of Beasts
   (You found it in an ossuary)

   Spells                             Type                      Level
   a - Summon Butterflies             Summoning                    1
   b - Call Canine Familiar           Summoning                    3
   c - Summon Ice Beast               Ice/Summoning                4
   d - Summon Mana Viper              Hexes/Summoning              5
   e - Summon Hydra                   Summoning                    7
 J - a book of Misfortune
   (You found it on level 11 of the Dungeon)

   Spells                             Type                      Level
   a - Confusing Touch                Hexes                        1
   b - Confuse                        Hexes                        3
   c - Gell's Gravitas                Translocation                3
   d - Petrify                        Transmutation/Earth          4
   e - Metabolic Englaciation         Hexes/Ice                    5
   f - Yara's Violent Unravelling     Hexes/Transmutation          5
Comestibles
 s - 11 royal jellies
 t - 6 meat rations
 v - 2 bread rations


   Skills:
 + Level 8.1 Fighting
 + Level 6.5 Short Blades
 + Level 6.5 Long Blades
 + Level 8.1 Axes
 + Level 6.5 Maces & Flails
 + Level 6.5 Polearms
 + Level 6.5 Staves
 + Level 6.5 Slings
 + Level 6.5 Bows
 + Level 6.5 Crossbows
 + Level 6.5 Throwing
 + Level 7.1 Armour
 + Level 8.1 Dodging
 + Level 6.5 Stealth
 + Level 6.5 Shields
 + Level 6.5 Unarmed Combat
 + Level 8.3 Spellcasting
 + Level 6.5(9.5) Conjurations
 + Level 6.5(9.5) Hexes
 + Level 9.3(12.1) Charms
 + Level 6.5(9.5) Summonings
 + Level 6.5(9.5) Necromancy
 + Level 6.5(9.5) Translocations
 + Level 6.5(9.5) Transmutations
 + Level 6.5(9.5) Fire Magic
 + Level 6.5(9.5) Ice Magic
 + Level 6.5(9.5) Air Magic
 + Level 6.5(9.5) Earth Magic
 + Level 6.5(9.5) Poison Magic
 + Level 6.5 Invocations
 + Level 6.5(9.5) Evocations


You had 9 spell levels left.
You knew the following spells:

 Your Spells              Type           Power        Failure   Level  Hunger
d - Dazzling Spray        Conj/Hex       ######       1%          3    None
g - Shroud of Golubria    Chrm/Tloc      ######....   1%          2    None
r - Regeneration          Chrm/Necr      ######....   1%          3    None
t - Tukima's Dance        Hex            ######..     1%          3    None
w - Spectral Weapon       Hex/Chrm       ######..     1%          3    None
y - Song of Slaying       Chrm           ######..     1%          2    None
P - Summon Butterflies    Summ           ######..     1%          1    None


Dungeon Overview and Level Annotations

Branches:
Dungeon (13/15)            Temple (0/1) D:7             Orc (0/2) D:10
   Lair: D:8-11      Vaults: D:13-14

Altars:
Ashenzari
Cheibriados
Hepliaklqana
Makhleb
Vehumet

Shops:
D:8 (

Annotations:
D:5 exclusion: centaur


Innate Abilities, Weirdness & Mutations

Your experience applies equally to all skills.
You have very sharp teeth.
Your uncanny sense of smell can sniff out nearby items.


Message History

The eight-headed hydra closely misses your spectral weapon.
The eight-headed hydra bites your spectral weapon!
Your spectral weapon shares its damage with you!
The eight-headed hydra completely misses your spectral weapon.
The eight-headed hydra bites your spectral weapon.
The eight-headed hydra bites your spectral weapon!
Your spectral weapon shares its damage with you!
The eight-headed hydra bites your spectral weapon but does no damage.
The eight-headed hydra bites your spectral weapon.
Your spectral weapon shares its damage with you!
The eight-headed hydra bites your spectral weapon but does no damage.
Casting: Spectral Weapon
Confirm with . or Enter, or press ? or * to list all spells.
Your spectral weapon fades away.
You draw out your weapon's spirit!
The wyvern bites you. The wyvern barely misses you.
Evoke which item? (* to show all) (? for menu, Esc to quit)
Aiming: Random Effects
Press: ? - help, Shift-Dir - straight line, f/p - eight-headed hydra
Aim: an eight-headed hydra (slightly transparent)
The puff of frost hits the wyvern.
The wyvern is moderately wounded.
This wand has 15 charges left.
The wyvern closely misses you.
You hit the wyvern but do no damage.
The wyvern is moderately wounded.
Your spectral weapon hits the wyvern from afar!
The wyvern bites you!
You closely miss the wyvern. You bite the wyvern, but do no damage.
The wyvern is severely wounded.
Your spectral weapon closely misses the wyvern.
The wyvern closely misses you.
You barely miss the eight-headed hydra. You barely miss the eight-headed hydra.
The eight-headed hydra bites you.
The eight-headed hydra bites you but does no damage.
The eight-headed hydra closely misses you.
The eight-headed hydra bites you.
The eight-headed hydra bites you but does no damage.
The eight-headed hydra bites you. x2
The eight-headed hydra closely misses you.
You hit the eight-headed hydra. You punch the eight-headed hydra.
The eight-headed hydra is lightly wounded.
The eight-headed hydra misses you.
The eight-headed hydra bites you but does no damage. x2
The eight-headed hydra bites you!
* * * LOW HITPOINT WARNING * * *
The eight-headed hydra barely misses you.
The eight-headed hydra bites you.
* * * LOW HITPOINT WARNING * * *
The eight-headed hydra bites you but does no damage.
The eight-headed hydra closely misses you.
You puncture the eight-headed hydra!
You feel better.
The eight-headed hydra is lightly wounded.
The eight-headed hydra barely misses you.
The eight-headed hydra bites you!
* * * LOW HITPOINT WARNING * * *
The eight-headed hydra misses you.
The eight-headed hydra barely misses you.
The eight-headed hydra bites you!
* * * LOW HITPOINT WARNING * * *
The eight-headed hydra barely misses you.
The eight-headed hydra misses you. The eight-headed hydra bites you.
* * * LOW HITPOINT WARNING * * *
You puncture the eight-headed hydra!
The eight-headed hydra is moderately wounded.
Evoke which item? (* to show all) (? for menu, Esc to quit)
Aiming: Disintegrate
Press: ? - help, Shift-Dir - straight line, f/p - eight-headed hydra
Aim: an eight-headed hydra (moderately wounded, slightly transparent, chance to defeat MR: 64%)
The eight-headed hydra is blasted.
This wand has 21 charges left.
The eight-headed hydra bites you but does no damage. x2
The eight-headed hydra bites you.
* * * LOW HITPOINT WARNING * * *
The eight-headed hydra bites you but does no damage.
The eight-headed hydra closely misses you.
The eight-headed hydra barely misses you.
The eight-headed hydra misses you. The eight-headed hydra bites you.
* * * LOW HITPOINT WARNING * * *
Evoke which item? (* to show all) (? for menu, Esc to quit)
Aiming: Disintegrate
Press: ? - help, Shift-Dir - straight line, f/p - eight-headed hydra
Aim: an eight-headed hydra (heavily wounded, slightly transparent, chance to defeat MR: 64%)
The eight-headed hydra struggles to resist.
This wand has 20 charges left.
The eight-headed hydra bites you but does no damage.
The eight-headed hydra completely misses you.
The eight-headed hydra bites you but does no damage.
The eight-headed hydra bites you!
* * * LOW HITPOINT WARNING * * *
The eight-headed hydra bites you!
* * * LOW HITPOINT WARNING * * *
The eight-headed hydra barely misses you.
The eight-headed hydra bites you but does no damage. x2
Evoke which item? (* to show all) (? for menu, Esc to quit)
Aiming: Disintegrate
Press: ? - help, Shift-Dir - straight line, f/p - eight-headed hydra
Aim: an eight-headed hydra (heavily wounded, slightly transparent, chance to defeat MR: 64%)
The eight-headed hydra struggles to resist.
This wand has 19 charges left.
The eight-headed hydra misses you. The eight-headed hydra bites you!
You die...

*+ * *, ##+#### *
*....... ############
....... , #..........#
###....... #..........#
#.'....... , *
#..........#####.#)....%.
#..........'(@Dl.#.......
,,
#..........#######.......
+ #..........# *.......
#......†<..# ....... , ,
#..........# *#####+# *
##+######### * * * , , *
* ,


You could see an eight-headed hydra (invisible), a wyvern and a friendly
spectral spear "Dragon's Tongue" {vamp, rPois rF+++ Str-2}.

Vanquished Creatures
  The ghost of Gruud the Cleaver, a journeyman DsGl of Uskayaw (D:11)
  An unseen horror (D:11)
  Pikel (D:7)
  2 orc knights (Bailey)
  A cyclops (D:11)
  An ugly thing (D:9)
  A hornet (D:11)
  2 hippogriffs
  A vampire (D:11)
  4 yaks (D:11)
  Eustachio (D:4)
  2 wyverns
  2 basilisks (D:8)
  Grum (D:9)
  A hungry ghost (D:10)
  Menkaure (D:7)
  2 water moccasins (D:11)
  2 ice beasts
  Purgy (Sewer)
  6 orc warriors (Bailey)
  3 slaves (D:7)
  A hornet zombie (D:11)
  A black bear (D:10)
  7 sky beasts
  A necrophage (D:10)
  4 ogres
  2 phantoms (D:6)
  4 wolves (D:9)
  3 centaurs
  A big kobold (D:10)
  10 bullfrogs
  3 water moccasin zombies (Ossuary)
  A wyvern zombie (D:8)
  2 scorpions
  7 killer bees
  A howler monkey (D:5)
  A centaur zombie (D:6)
  A crimson imp (D:8)
  4 jellies
  12 orc priests
  9 hounds
  A bullfrog skeleton (D:11)
  A centaur skeleton (D:5)
  An iguana (D:6)
  15 orc wizards
  4 worker ants
  A killer bee zombie (D:6)
  2 big kobold zombies (Ossuary)
  2 mummies (Ossuary)
  2 gnolls (Bailey)
  12 adders
  5 shadow imps
  5 oozes (D:8)
  4 adder zombies (Ossuary)
  An adder skeleton (D:4)
  2 worms
  2 dart slugs
  6 leopard geckos
  41 orcs
  11 bats
  4 giant cockroaches
  3 gnoll zombies (Ossuary)
  6 goblins
  12 hobgoblins
  21 jackals
  25 kobolds
  2 quokkas
  2 ball pythons
  8 frilled lizards
  4 hobgoblin zombies (Ossuary)
  4 kobold zombies (Ossuary)
  A leopard gecko skeleton (D:6)
  2 orc zombies (Ossuary)
  A quokka skeleton (D:5)
  5 rats
  A spectral weapon (Bailey)
331 creatures vanquished.

Vanquished Creatures (others)
  An orc (D:8)
  3 spectral weapons (Bailey)
4 creatures vanquished.

Grand Total: 335 creatures vanquished

Notes
Turn   | Place    | Note
-------+----------+-------------------------------------------
     0 | D:1      | tidbits the Gnoll Skald began the quest for the Orb.
     0 | D:1      | Reached XP level 1. HP: 20/20 MP: 6/6
    61 | D:2      | Reached XP level 2. HP: 25/26 MP: 2/7
    75 | D:1      | Learned a level 2 spell: Song of Slaying
    78 | D:1      | Learned a level 2 spell: Shroud of Golubria
   174 | D:1      | Found a shattered altar of Ashenzari.
   175 | D:1      | Reached XP level 3. HP: 27/31 MP: 3/9
   216 | D:1      | Learned a level 3 spell: Regeneration
   220 | D:1      | Learned a level 3 spell: Spectral Weapon
   272 | D:1      | Reached skill level 5 in Spellcasting
   319 | D:1      | Became a worshipper of Ashenzari the Shackled
   474 | D:2      | Found a snail-covered altar of Cheibriados.
   563 | D:2      | Reached skill level 1 in Short Blades
   563 | D:2      | Reached skill level 1 in Long Blades
   563 | D:2      | Reached skill level 1 in Maces & Flails
   563 | D:2      | Reached skill level 1 in Polearms
   563 | D:2      | Reached skill level 1 in Staves
   563 | D:2      | Reached skill level 1 in Slings
   563 | D:2      | Reached skill level 1 in Bows
   563 | D:2      | Reached skill level 1 in Crossbows
   563 | D:2      | Reached skill level 1 in Throwing
   563 | D:2      | Reached skill level 1 in Stealth
   563 | D:2      | Reached skill level 1 in Shields
   563 | D:2      | Reached skill level 1 in Unarmed Combat
   563 | D:2      | Reached skill level 1 in Conjurations
   563 | D:2      | Reached skill level 1 in Hexes
   563 | D:2      | Reached skill level 1 in Summonings
   563 | D:2      | Reached skill level 1 in Necromancy
   563 | D:2      | Reached skill level 1 in Translocations
   563 | D:2      | Reached skill level 1 in Transmutations
   563 | D:2      | Reached skill level 1 in Fire Magic
   563 | D:2      | Reached skill level 1 in Ice Magic
   563 | D:2      | Reached skill level 1 in Air Magic
   563 | D:2      | Reached skill level 1 in Earth Magic
   563 | D:2      | Reached skill level 1 in Poison Magic
   563 | D:2      | Reached skill level 1 in Invocations
   563 | D:2      | Reached skill level 1 in Evocations
   638 | D:3      | Reached XP level 4. HP: 38/38 MP: 6/11
   674 | D:3      | Noticed a bullfrog
   684 | D:3      | Killed a bullfrog
   684 | D:3      | Reached XP level 5. HP: 30/43 MP: 6/12
   867 | D:4      | Reached skill level 3 in Armour
   891 | D:4      | Found a sand-covered staircase.
   896 | Ossuary  | Entered an ossuary
   929 | Ossuary  | Reached XP level 6. HP: 39/50 MP: 3/13
  1090 | Ossuary  | Reached skill level 5 in Fighting
  1090 | Ossuary  | Reached skill level 5 in Axes
  1090 | Ossuary  | Reached skill level 5 in Dodging
  1100 | Ossuary  | Reached skill level 2 in Short Blades
  1100 | Ossuary  | Reached skill level 2 in Long Blades
  1100 | Ossuary  | Reached skill level 2 in Maces & Flails
  1100 | Ossuary  | Reached skill level 2 in Polearms
  1100 | Ossuary  | Reached skill level 2 in Staves
  1100 | Ossuary  | Reached skill level 2 in Slings
  1100 | Ossuary  | Reached skill level 2 in Bows
  1100 | Ossuary  | Reached skill level 2 in Crossbows
  1100 | Ossuary  | Reached skill level 2 in Throwing
  1100 | Ossuary  | Reached skill level 2 in Stealth
  1100 | Ossuary  | Reached skill level 2 in Shields
  1100 | Ossuary  | Reached skill level 2 in Unarmed Combat
  1100 | Ossuary  | Reached skill level 2 in Conjurations
  1100 | Ossuary  | Reached skill level 2 in Hexes
  1100 | Ossuary  | Reached skill level 2 in Summonings
  1100 | Ossuary  | Reached skill level 2 in Necromancy
  1100 | Ossuary  | Reached skill level 2 in Translocations
  1100 | Ossuary  | Reached skill level 2 in Transmutations
  1100 | Ossuary  | Reached skill level 2 in Fire Magic
  1100 | Ossuary  | Reached skill level 2 in Ice Magic
  1100 | Ossuary  | Reached skill level 2 in Air Magic
  1100 | Ossuary  | Reached skill level 2 in Earth Magic
  1100 | Ossuary  | Reached skill level 2 in Poison Magic
  1100 | Ossuary  | Reached skill level 2 in Invocations
  1100 | Ossuary  | Reached skill level 2 in Evocations
  1257 | D:3      | Reached XP level 7. HP: 56/56 MP: 8/15
  1286 | D:2      | Reached * piety under Ashenzari
  1380 | D:5      | Entered Level 5 of the Dungeon
  1423 | D:5      | Found a hazy altar of Hepliaklqana.
  1423 | D:5      | Found a faded altar of an unknown god.
  1474 | D:5      | Got the spear "Dragon's Tongue" {vamp, rPois rF+++ Str-2}
  1477 | D:5      | Identified the +7 spear "Dragon's Tongue" {vamp, rPois rF+++ Str-2} (You found it on level 5 of the Dungeon)
  1501 | D:5      | Found a glowing drain.
  1525 | Sewer    | Entered a sewer
  1563 | Sewer    | Noticed Purgy
  1574 | Sewer    | Killed Purgy
  1574 | Sewer    | Reached skill level 7 in Charms
  1785 | D:4      | Noticed Eustachio
  1804 | D:4      | Killed Eustachio
  1804 | D:4      | Reached XP level 8. HP: 54/63 MP: 12/16
  1899 | D:5      | Reached skill level 3 in Short Blades
  1899 | D:5      | Reached skill level 3 in Long Blades
  1899 | D:5      | Reached skill level 3 in Maces & Flails
  1899 | D:5      | Reached skill level 3 in Polearms
  1899 | D:5      | Reached skill level 3 in Staves
  1899 | D:5      | Reached skill level 3 in Slings
  1899 | D:5      | Reached skill level 3 in Bows
  1899 | D:5      | Reached skill level 3 in Crossbows
  1899 | D:5      | Reached skill level 3 in Throwing
  1899 | D:5      | Reached skill level 4 in Armour
  1899 | D:5      | Reached skill level 3 in Stealth
  1899 | D:5      | Reached skill level 3 in Shields
  1899 | D:5      | Reached skill level 3 in Unarmed Combat
  1899 | D:5      | Reached skill level 3 in Conjurations
  1899 | D:5      | Reached skill level 3 in Hexes
  1899 | D:5      | Reached skill level 3 in Summonings
  1899 | D:5      | Reached skill level 3 in Necromancy
  1899 | D:5      | Reached skill level 3 in Translocations
  1899 | D:5      | Reached skill level 3 in Transmutations
  1899 | D:5      | Reached skill level 3 in Fire Magic
  1899 | D:5      | Reached skill level 3 in Ice Magic
  1899 | D:5      | Reached skill level 3 in Air Magic
  1899 | D:5      | Reached skill level 3 in Earth Magic
  1899 | D:5      | Reached skill level 3 in Poison Magic
  1899 | D:5      | Reached skill level 3 in Invocations
  1899 | D:5      | Reached skill level 3 in Evocations
  2179 | D:6      | Reached skill level 6 in Spellcasting
  2457 | D:7      | Noticed Pikel
  2478 | D:7      | Killed Pikel
  2478 | D:7      | Reached skill level 6 in Fighting
  2478 | D:7      | Reached skill level 4 in Short Blades
  2478 | D:7      | Reached skill level 4 in Long Blades
  2478 | D:7      | Reached skill level 6 in Axes
  2478 | D:7      | Reached skill level 4 in Maces & Flails
  2478 | D:7      | Reached skill level 4 in Polearms
  2478 | D:7      | Reached skill level 4 in Staves
  2478 | D:7      | Reached skill level 4 in Slings
  2478 | D:7      | Reached skill level 4 in Bows
  2478 | D:7      | Reached skill level 4 in Crossbows
  2478 | D:7      | Reached skill level 4 in Throwing
  2478 | D:7      | Reached skill level 6 in Dodging
  2478 | D:7      | Reached skill level 4 in Stealth
  2478 | D:7      | Reached skill level 4 in Shields
  2478 | D:7      | Reached skill level 4 in Unarmed Combat
  2478 | D:7      | Reached skill level 4 in Conjurations
  2478 | D:7      | Reached skill level 4 in Hexes
  2478 | D:7      | Reached skill level 4 in Summonings
  2478 | D:7      | Reached skill level 4 in Necromancy
  2478 | D:7      | Reached skill level 4 in Translocations
  2478 | D:7      | Reached skill level 4 in Transmutations
  2478 | D:7      | Reached skill level 4 in Fire Magic
  2478 | D:7      | Reached skill level 4 in Ice Magic
  2478 | D:7      | Reached skill level 4 in Air Magic
  2478 | D:7      | Reached skill level 4 in Earth Magic
  2478 | D:7      | Reached skill level 4 in Poison Magic
  2478 | D:7      | Reached skill level 4 in Invocations
  2478 | D:7      | Reached skill level 4 in Evocations
  2478 | D:7      | Reached XP level 9. HP: 54/69 MP: 12/18
  2498 | D:7      | Found a burning altar of Makhleb.
  2556 | D:7      | Learned a level 1 spell: Summon Butterflies
  2609 | D:7      | Found a staircase to the Ecumenical Temple.
  2660 | D:7      | Reached skill level 5 in Armour
  2676 | D:7      | Noticed Menkaure
  2683 | D:7      | Killed Menkaure
  2734 | D:8      | Found a radiant altar of Vehumet.
  2735 | D:8      | Reached ** piety under Ashenzari
  2742 | D:8      | Reached skill level 8 in Charms
  3110 | D:6      | Learned a level 3 spell: Dazzling Spray
  3145 | D:6      | Reached XP level 10. HP: 77/77 MP: 17/20
  3169 | D:6      | Reached skill level 7 in Spellcasting
  3357 | D:8      | Found Uxkynas's Weapon Shop.
  3371 | D:8      | Bought a +0 blowgun for 35 gold pieces
  3487 | D:9      | Reached skill level 5 in Short Blades
  3487 | D:9      | Reached skill level 5 in Long Blades
  3487 | D:9      | Reached skill level 5 in Maces & Flails
  3487 | D:9      | Reached skill level 5 in Polearms
  3487 | D:9      | Reached skill level 5 in Staves
  3487 | D:9      | Reached skill level 5 in Slings
  3487 | D:9      | Reached skill level 5 in Bows
  3487 | D:9      | Reached skill level 5 in Crossbows
  3487 | D:9      | Reached skill level 5 in Throwing
  3487 | D:9      | Reached skill level 5 in Stealth
  3487 | D:9      | Reached skill level 5 in Shields
  3487 | D:9      | Reached skill level 5 in Unarmed Combat
  3487 | D:9      | Reached skill level 5 in Conjurations
  3487 | D:9      | Reached skill level 5 in Hexes
  3487 | D:9      | Reached skill level 5 in Summonings
  3487 | D:9      | Reached skill level 5 in Necromancy
  3487 | D:9      | Reached skill level 5 in Translocations
  3487 | D:9      | Reached skill level 5 in Transmutations
  3487 | D:9      | Reached skill level 5 in Fire Magic
  3487 | D:9      | Reached skill level 5 in Ice Magic
  3487 | D:9      | Reached skill level 5 in Air Magic
  3487 | D:9      | Reached skill level 5 in Earth Magic
  3487 | D:9      | Reached skill level 5 in Poison Magic
  3487 | D:9      | Reached skill level 5 in Invocations
  3487 | D:9      | Reached skill level 5 in Evocations
  3527 | D:9      | Noticed Grum
  3542 | D:9      | Killed Grum
  3545 | D:9      | Reached skill level 7 in Fighting
  3545 | D:9      | Reached skill level 7 in Axes
  3545 | D:9      | Reached skill level 7 in Dodging
  3627 | D:9      | Noticed a brown ugly thing
  3661 | D:9      | Killed a brown ugly thing
  3661 | D:9      | Reached skill level 6 in Armour
  3755 | D:10     | Entered Level 10 of the Dungeon
  3755 | D:10     | Found a staircase to the Orcish Mines.
  3934 | D:11     | Noticed Gruud's ghost (journeyman DsGl)
  3945 | D:11     | Killed Gruud's ghost
  3952 | D:11     | Found a flagged portal.
  3966 | Bailey   | Entered a bailey
  3972 | Bailey   | Noticed an orc knight
  3980 | Bailey   | Noticed an orc knight
  4073 | Bailey   | Reached XP level 11. HP: 84/84 MP: 19/22
  4124 | Bailey   | Killed an orc knight
  4224 | Bailey   | Killed an orc knight
  4224 | Bailey   | Reached skill level 6 in Short Blades
  4224 | Bailey   | Reached skill level 6 in Long Blades
  4224 | Bailey   | Reached skill level 6 in Maces & Flails
  4224 | Bailey   | Reached skill level 6 in Polearms
  4224 | Bailey   | Reached skill level 6 in Staves
  4224 | Bailey   | Reached skill level 6 in Slings
  4224 | Bailey   | Reached skill level 6 in Bows
  4224 | Bailey   | Reached skill level 6 in Crossbows
  4224 | Bailey   | Reached skill level 6 in Throwing
  4224 | Bailey   | Reached skill level 6 in Stealth
  4224 | Bailey   | Reached skill level 6 in Shields
  4224 | Bailey   | Reached skill level 6 in Unarmed Combat
  4224 | Bailey   | Reached skill level 6 in Conjurations
  4224 | Bailey   | Reached skill level 6 in Hexes
  4224 | Bailey   | Reached skill level 9 in Charms
  4224 | Bailey   | Reached skill level 6 in Summonings
  4224 | Bailey   | Reached skill level 6 in Necromancy
  4224 | Bailey   | Reached skill level 6 in Translocations
  4224 | Bailey   | Reached skill level 6 in Transmutations
  4224 | Bailey   | Reached skill level 6 in Fire Magic
  4224 | Bailey   | Reached skill level 6 in Ice Magic
  4224 | Bailey   | Reached skill level 6 in Air Magic
  4224 | Bailey   | Reached skill level 6 in Earth Magic
  4224 | Bailey   | Reached skill level 6 in Poison Magic
  4224 | Bailey   | Reached skill level 6 in Invocations
  4224 | Bailey   | Reached skill level 6 in Evocations
  4370 | D:11     | Noticed a cyclops
  4426 | D:11     | Killed a cyclops
  4426 | D:11     | Reached skill level 8 in Spellcasting
  4508 | D:10     | Reached *** piety under Ashenzari
  4847 | D:12     | Reached skill level 8 in Fighting
  4847 | D:12     | Reached skill level 8 in Axes
  4847 | D:12     | Reached skill level 7 in Armour
  4847 | D:12     | Reached skill level 8 in Dodging
  4943 | D:11     | Noticed an unseen horror
  4972 | D:11     | Killed an unseen horror
  5052 | D:11     | Upgraded the game from 0.21-a0-352-g5b8f553 to 0.21-a0-356-g45b0a09
  5056 | D:11     | Learned a level 3 spell: Tukima's Dance
  5150 | D:13     | Noticed an eight-headed hydra
  5168 | D:13     | HP: 4/86 [eight-headed hydra (13)]
  5169 | D:13     | Mangled by an eight-headed hydra

Vault maps used:
D:1:      roderic_dead_forest, kennysheep_pointless_box, serial_park_tiny_2,
          nicolae_ashenzari_panopticon
D:2:      kennysheep_slug_shrine, minmay_misc_feat_doors
D:4:      nicolae_ossuary_entry_false_entrances, first_bread,
          minmay_misc_feat_five, uniq_sigmund, uniq_eustachio
D:5:      chequers_temple_overflow_minitemple, gup_sewer_entry_glass,
          fedhas_bush_and_centaur_altar
D:7:      minmay_temple_entry_purple_smoke, makhleb_heckhound_becter,
          uniq_pikel, uniq_menkaure
D:8:      fiery_altar_vehumet, david_lair_generic, serial_shops, shop,
          hangedman_little_slice_of_home, grunt_decor_cap
D:9:      grunt_dithmenos_shadows, lemuel_doored_altar, serial_shops,
          nicolae_shop_trees, uniq_grum
D:10:     david_orc_3
D:11:     enter_bailey_3, hangedman_decor_points
D:13:     david_vaults_1, basic_altar
Sewer:    sewer_co_purgy_island
Ossuary:  ossuary_tomb_2
Bailey:   bailey_axe_4, bailey

Skill      XL: |  1  2  3  4  5  6  7  8  9 10 11 |
---------------+----------------------------------+-----
Spellcasting   | 5 6 7 8 |  8.3
Short Blades   | 1 2 4 5 6 |  6.5
Long Blades    | 1 2 4 5 6 |  6.5
Maces & Flails | 1 2 4 5 6 |  6.5
Polearms       | 1 2 4 5 6 |  6.5
Staves         | 1 2 4 5 6 |  6.5
Slings         | 1 2 4 5 6 |  6.5
Bows           | 1 2 4 5 6 |  6.5
Crossbows      | 1 2 4 5 6 |  6.5
Throwing       | 1 2 4 5 6 |  6.5
Stealth        | 1 2 4 5 6 |  6.5
Shields        | 1 2 4 5 6 |  6.5
Unarmed Combat | 1 2 4 5 6 |  6.5
Conjurations   | 1 2 4 5 6 |  6.5
Hexes          | 1 2 4 5 6 |  6.5
Summonings     | 1 2 4 5 6 |  6.5
Necromancy     | 1 2 4 5 6 |  6.5
Translocations | 1 2 4 5 6 |  6.5
Transmutations | 1 2 4 5 6 |  6.5
Fire Magic     | 1 2 4 5 6 |  6.5
Ice Magic      | 1 2 4 5 6 |  6.5
Air Magic      | 1 2 4 5 6 |  6.5
Earth Magic    | 1 2 4 5 6 |  6.5
Poison Magic   | 1 2 4 5 6 |  6.5
Invocations    | 1 2 4 5 6 |  6.5
Evocations     | 1 2 4 5 6 |  6.5
Armour         | 3 4 5 6 7 |  7.1
Fighting       | 5 6 7 8 |  8.1
Axes           | 5 6 7 8 |  8.1
Dodging        | 5 6 7 8 |  8.1
Charms         | 7 8 9 |  9.3

Action                   |  1- 3 |  4- 6 |  7- 9 | 10-12 || total
-------------------------+-------+-------+-------+-------++-------
Melee: Hand axe          |    58 |   152 |    22 |       ||   232
       Bite              |     7 |    24 |    14 |    33 ||    78
       Punch             |       |     1 |     5 |    10 ||    16
       Spear             |       |       |   253 |   450 ||   703
Throw: Tomahawk          |       |       |     1 |    33 ||    34
       Stone             |       |       |       |     1 ||     1
 Cast: Infusion          |     7 |     1 |       |       ||     8
       Spectral Weapon   |     4 |    14 |    41 |    44 ||   103
       Regeneration      |       |     5 |    10 |    12 ||    27
       Shroud of Golubri |       |     1 |     6 |     1 ||     8
       Summon Butterflie |       |       |       |     1 ||     1
       Dazzling Spray    |       |       |       |    12 ||    12
Invok: Curse Item        |       |       |     3 |       ||     3
Evoke: Wand              |       |       |       |    27 ||    27
  Use: Scroll            |     1 |       |    10 |    12 ||    23
       Potion            |       |       |       |     2 ||     2
 Stab: Distracted        |       |     2 |     3 |     6 ||    11
       Sleeping          |       |       |     4 |    10 ||    14
       Confused          |       |       |       |     5 ||     5
       Invisible         |       |       |       |     3 ||     3
  Eat: Fruit             |       |     1 |       |     1 ||     2
       Royal jelly       |       |     1 |     1 |       ||     2
       Chunk             |       |       |     6 |     4 ||    10
       Bread ration      |       |       |     1 |     2 ||     3
Armor: Leather armour    |     4 |       |       |       ||     4
       Ring mail         |     9 |    28 |    56 |   106 ||   199
Dodge: Dodged            |    45 |    92 |   126 |   244 ||   507

Table legend:
 A = Spawn XP
 B = Non-spawn XP
 C = Spawn XP percentage of total XP
 D = Spawn monster count
 E = Non-spawn monster count
 F = Spawn count percentage of total count
 G = Total turns spent on level
                    A         B        C        D         E        F      G
               +---------+---------+-------+---------+---------+-------+---------
         Total |       0 |   16999 |   0.0 |       0 |     327 |   0.0 |  5169
               +---------+---------+-------+---------+---------+-------+---------
           D:1 |       0 |      23 |   0.0 |       0 |      11 |   0.0 |   410
           D:2 |       0 |      62 |   0.0 |       0 |      24 |   0.0 |   234
           D:3 |       0 |     135 |   0.0 |       0 |      13 |   0.0 |   231
           D:4 |       0 |     445 |   0.0 |       0 |      13 |   0.0 |   352
           D:5 |       0 |     268 |   0.0 |       0 |      22 |   0.0 |   414
           D:6 |       0 |     996 |   0.0 |       0 |      28 |   0.0 |   539
           D:7 |       0 |    1683 |   0.0 |       0 |      33 |   0.0 |   521
           D:8 |       0 |    1411 |   0.0 |       0 |      29 |   0.0 |   397
           D:9 |       0 |    2158 |   0.0 |       0 |      18 |   0.0 |   273
          D:10 |       0 |    1866 |   0.0 |       0 |      42 |   0.0 |   490
          D:11 |       0 |    4961 |   0.0 |       0 |      31 |   0.0 |   452
          D:12 |       0 |     233 |   0.0 |       0 |       4 |   0.0 |    81
          D:13 |       0 |      45 |   0.0 |       0 |       1 |   0.0 |    39
         Sewer |       0 |     156 |   0.0 |       0 |       7 |   0.0 |    78
       Ossuary |       0 |     370 |   0.0 |       0 |      24 |   0.0 |   306
        Bailey |       0 |    2187 |   0.0 |       0 |      27 |   0.0 |   352
               +---------+---------+-------+---------+---------+-------+---------

Table legend:
 A = Turns spent in this place as a percentage of turns spent in the entire game.
 B = Non-inter-level travel turns spent in this place as a percentage of non-inter-level travel turns spent in the entire game.
 C = Inter-level travel turns spent in this place as a percentage of turns spent in this place.
 D = Turns resting spent in this place as a percentage of non-inter-level travel turns spent in this place.
 E = Turns spent auto-exploring this place as a percentage of non-inter-level travel turns spent in this place.
 F = Non-inter-level travel turns spent in this place divided by the number of levels of this place that you've seen.
                   A       B       C       D       E      F
               +-------+-------+-------+-------+-------+----------------------
         Total | 100.0 | 100.0 |   1.2 |   0.0 |   0.0 | 319.1
       Dungeon |  85.8 |  85.6 |   1.4 |   0.0 |   0.0 | 336.2
         Sewer |   1.5 |   1.5 |   0.0 |   0.0 |   0.0 |  78.0
       Ossuary |   5.9 |   6.0 |   0.0 |   0.0 |   0.0 | 306.0
        Bailey |   6.8 |   6.9 |   0.0 |   0.0 |   0.0 | 352.0
               +-------+-------+-------+-------+-------+----------------------

Table legend:
 A = Kills in this place as a percentage of kills in entire the game.
 B = Kills by you in this place as a percentage of kills by you in the entire game.
 C = Kills by friends in this place as a percentage of kills by friends in the entire game.
 D = Other kills in this place as a percentage of other kills in the entire game.
 E = Experience gained in this place as a percentage of experience gained in the entire game.
 F = Experience gained in this place divided by the number of levels of this place that you have seen.
                   A       B       C       D       E      F
               +-------+-------+-------+-------+-------+----------------------
         Total | 100.0 | 100.0 |   N/A | 100.0 | 100.0 | 1062.4
       Dungeon |  82.3 |  82.5 |   N/A |   0.0 |  84.0 | 1098.9
         Sewer |   2.1 |   2.1 |   N/A |   0.0 |   0.9 | 156.0
       Ossuary |   7.3 |   7.4 |   N/A |   0.0 |   2.2 | 370.0
        Bailey |   8.3 |   8.0 |   N/A | 100.0 |  12.9 | 2187.0
               +-------+-------+-------+-------+-------+----------------------

Vault maps used:
D:1:      roderic_dead_forest, kennysheep_pointless_box, serial_park_tiny_2,
          nicolae_ashenzari_panopticon
D:2:      kennysheep_slug_shrine, minmay_misc_feat_doors
D:4:      nicolae_ossuary_entry_false_entrances, first_bread,
          minmay_misc_feat_five, uniq_sigmund, uniq_eustachio
D:5:      chequers_temple_overflow_minitemple, gup_sewer_entry_glass,
          fedhas_bush_and_centaur_altar
D:7:      minmay_temple_entry_purple_smoke, makhleb_heckhound_becter,
          uniq_pikel, uniq_menkaure
D:8:      fiery_altar_vehumet, david_lair_generic, serial_shops, shop,
          hangedman_little_slice_of_home, grunt_decor_cap
D:9:      grunt_dithmenos_shadows, lemuel_doored_altar, serial_shops,
          nicolae_shop_trees, uniq_grum
D:10:     david_orc_3
D:11:     enter_bailey_3, hangedman_decor_points
D:13:     david_vaults_1, basic_altar
Sewer:    sewer_co_purgy_island
Ossuary:  ossuary_tomb_2
Bailey:   bailey_axe_4, bailey
